 Dungeon Crawl Stone Soup version 0.30-a0-542-ge43150dd35 (webtiles) character file.

Game seed: 12248877391219157968

388 Gitty the Chopper (level 6, 0/56 HPs)
             Began as a Minotaur Berserker on Dec 26, 2022.
             Was a Priest of Trog.
             Slain by a gnoll sergeant
             ... wielding a +2 spear of freezing
              (1 damage)
             ... on level 4 of the Dungeon.
             The game lasted 00:10:41 (2173 turns).

Gitty the Chopper (Minotaur Berserker)              Turns: 2173, Time: 00:10:41

Health: 0/56       AC: 10    Str: 23    XL:     6   Next: 49%
Magic:  5/5        EV:  8    Int:  4    God:    Trog [***...]
Gold:   171        SH:  0    Dex: 10    Spells: 5/5 levels left

rFire   . . .      SeeInvis .    v - +0 war axe
rCold   . . .      Faith    .    (no shield)
rNeg    . . .      Spirit   .    p - +1 chain mail
rPois   .          Reflect  .    (helmet restricted)
rElec   .          Harm     .    (no cloak)
rCorr   .          Rampage  .    (no gloves)
Will    .....                    (no boots) Stlth
                                 (no amulet)
HPRegen 0.29/turn                (no ring)
MPRegen 0.09/turn                (no ring)

@: on berserk cooldown, slowed, very slow
A: horns 2, retaliatory headbutt
a: Renounce Religion, Berserk, Trog's Hand


You were on level 4 of the Dungeon.
You worshipped Trog.
Trog was most pleased with you.
You visited 1 branch of the dungeon, and saw 4 of its levels.

You collected 171 gold pieces.

Inventory:

Hand Weapons
 a - a +1 hand axe
 s - a +0 sling
 t - a +2 spear of venom
 v - a +0 war axe (weapon)
Missiles
 k - 7 boomerangs (quivered)
 u - a throwing net
 y - 2 poisoned darts
Armour
 e - a +0 leather armour
 p - a +1 chain mail (worn)
Scrolls
 c - a scroll of teleportation
 f - 2 scrolls of identify {unknown}
 g - a scroll of enchant weapon
 i - 2 scrolls of enchant armour
 l - a scroll of magic mapping {unknown}
 m - a scroll of noise {unknown}
 n - a scroll of fear {unknown}
 w - 2 scrolls of amnesia {unknown}
 x - a scroll of torment {unknown}
 B - a scroll of silence {unknown}
Potions
 b - 2 potions of brilliance {unknown}
 d - 2 potions of might {unknown}
 h - a potion of attraction {unknown}
 j - 2 potions of flight {unknown}
 o - 3 potions of mutation {unknown}
 q - a potion of invisibility {unknown}
 r - a potion of lignification {unknown}
 z - a potion of curing {unknown}
 A - a potion of resistance {unknown}


   Skills:
 + Level 5.4 Fighting
 + Level 6.3(6.4) Axes
 + Level 1.0(4.1) Polearms
 + Level 1.2 Throwing
 + Level 4.2 Armour
 + Level 2.6 Dodging


You had 5 spell levels left.
You didn't know any spells.
Your spell library was empty.

Dungeon Overview and Level Annotations

Branches:
Dungeon (4/15)             Temple (0/1) D:4

Altars:
Fedhas


Innate Abilities, Weirdness & Mutations

You have a pair of horns on your head.
You reflexively headbutt those who attack you in melee.


Message History

You slice the gnoll!!
You kill the gnoll!
Trog accepts your kill.
Your base Polearms skill increases to level 1!
A dart slug comes into view.
Found 2 brown potions.
The gnoll hits you but does no damage. The gnoll sergeant barely misses you.
You slash the gnoll! You headbutt the gnoll.
You kill the gnoll!
Trog accepts your kill.
The gnoll sergeant hits you from afar with a +2 spear of freezing!
* * * LOW HITPOINT WARNING * * *
The gnoll sergeant freezes you.
* * * LOW HITPOINT WARNING * * *
The gnoll sergeant hits you from afar with a +2 spear of freezing.
* * * LOW HITPOINT WARNING * * *
The gnoll sergeant freezes you.
* * * LOW HITPOINT WARNING * * *
The dart slug launches a dart at you.
The slug dart hits you but does no damage.
Things that are here:
a +0 halberd; a gnoll corpse You feel a strong urge to attack something.
You hit the gnoll sergeant.
Your headbutt misses the gnoll sergeant.
The gnoll sergeant is lightly wounded.
The gnoll sergeant hits you but does no damage.
You hit the gnoll sergeant but do no damage.
The gnoll sergeant is lightly wounded.
You are no longer berserk.
You are exhausted.
You feel yourself slow down. The gnoll sergeant closely misses you.
You slash the gnoll sergeant!
The gnoll sergeant is heavily wounded.
The gnoll sergeant hits you but does no damage.
An endoplasm comes into view.
The gnoll sergeant hits you with a +2 spear of freezing.
* * * LOW HITPOINT WARNING * * *
The gnoll sergeant freezes you.
You die...

....###......##....# ..
...................##.. .
###.......#..............
##..##....#....#.........
.........J#...# #... ....
.......##.....###.# .....
...#....#.#...#...#....!.
...#.........†)..).......
...#..#.8.8.8.).@...w....
.....##.†⌠.⌠...g.........
.....#..8.>.8............
.....#...⌠.⌠.......##....
.<......8.8.8.....## ....
................... .##
..................#. .
......##...##.....#
##.....


You could see a gnoll sergeant, a dart slug and an endoplasm (wandering).

Vanquished Creatures
  Sigmund (D:3)
  3 adders
  10 gnolls
  An adder zombie (D:3)
  2 worms (D:2)
  An adder skeleton (D:3)
  A dart slug (D:1)
  9 orcs (D:3)
  7 endoplasms
  5 giant cockroaches
  8 goblins
  7 hobgoblins
  3 jackals (D:2)
  2 quokkas
  5 ball pythons
  2 ball python zombies (D:3)
  6 bats
  3 frilled lizards
  5 kobolds
  A quokka skeleton (D:3)
  A quokka zombie (D:3)
  6 rats
89 creatures vanquished.

Notes
Turn   | Place    | Note
-------+----------+-------------------------------------------
     0 | D:1      | Gitty the Minotaur Berserker began the quest for the Orb.
     0 | D:1      | Reached XP level 1. HP: 19/19 MP: 0/0
   157 | D:1      | Reached XP level 2. HP: 20/27 MP: 1/1
   192 | D:1      | Reached skill level 4 in Axes
   829 | D:2      | Reached XP level 3. HP: 31/33 MP: 2/2
  1174 | D:2      | Reached ** piety under Trog
  1443 | D:3      | Noticed Sigmund
  1454 | D:3      | Killed Sigmund
  1455 | D:3      | Reached skill level 5 in Fighting
  1455 | D:3      | Reached skill level 5 in Axes
  1455 | D:3      | Reached XP level 4. HP: 42/42 MP: 3/3
  1455 | D:3      | Reached XP level 5. HP: 48/48 MP: 4/4
  1555 | D:3      | Reached skill level 6 in Axes
  1623 | D:3      | Reached XP level 6. HP: 38/56 MP: 5/5
  1683 | D:3      | Found a blossoming altar of Fedhas.
  1775 | D:3      | Reached skill level 1 in Throwing
  1827 | D:3      | Reached *** piety under Trog
  2134 | D:4      | Found a staircase to the Ecumenical Temple.
  2167 | D:4      | Reached skill level 1 in Polearms
  2169 | D:4      | HP: 3/84 [gnoll sergeant/+2 spear of freezing (3)]
  2173 | D:4      | HP: 1/56 [gnoll sergeant/+2 spear of freezing (1)]
  2173 | D:4      | Slain by a gnoll sergeant

Illustrated notes

Levels and vault maps discovered:
D:1:      wheals_arrival_linesprint, layout_basic, minivault_27
D:2:      layout_rooms, minmay_tetromino_l4
D:3:      layout_rooms, mainiacjoe_overflow_alcove_4, serial_undead,
          serial_undead_e, serial_undead_d, serial_undead_a, serial_undead_d,
          grunt_decor_arrowhead, minmay_between, uniq_sigmund
D:4:      layout_cave_pools, minmay_temple_entry_statues_fountains,
          serial_shops, shop, st_stairs_2, minivault_11, nrook_mini_backslash

Skill      XL: |  1  2  3  4  5  6 |
---------------+-------------------+-----
Fighting       | 4 5 |  5.4
Axes           | 4 5 6 |  6.3
Armour         | 3 4 |  4.2
Throwing       | 1 |  1.2
Polearms       | 1 |  1.0
Dodging        | |  2.6

Action                   |  1- 3 |  4- 6 || total
-------------------------+-------+-------++-------
Melee: Hand axe          |    76 |    24 ||   100
       Headbutt          |    12 |    12 ||    24
       Spear             |       |    34 ||    34
       War axe           |       |    24 ||    24
Throw: Boomerang         |       |    33 ||    33
Invok: Berserk           |     1 |     1 ||     2
  Use: Scroll            |     3 |       ||     3
Armor: Leather armour    |    11 |       ||    11
       Chain mail        |     3 |    42 ||    45
       Ring mail         |     3 |       ||     3
Dodge: Dodged            |    41 |    40 ||    81

Table legend: (Time is in decaauts)
 A = Elapsed time spent in this place.
 B = Non-inter-level travel time spent in this place.
 C = Inter-level travel time spent in this place.
 D = Time resting spent in this place.
 E = Time spent auto-exploring this place.
 F = Levels seen in this place.
 G = Mean time per level.
                   A        B        C        D        E       F      G
               +--------+--------+--------+--------+--------+-----+--------+
         Total |   2201 |   2053 |    148 |    104 |   1371 |   4 |  550.2 |
       Dungeon |   2201 |   2053 |    148 |    104 |   1371 |   4 |  550.2 |
               +--------+--------+--------+--------+--------+-----+--------+

Top non-repeatable levels by time:
     D:1: 828 daAuts
     D:3: 700 daAuts
     D:2: 615 daAuts
     D:4: 57 daAuts
